SNL (28 & UNDER)
MEMPHIS BLUES @ GAINESVILLE GUIDOS
07/02/2023
 
TOP OF THE 1ST
Memphis Blues batting - Pitching for Gainesville Guidos : RHP Dave Riley
Pitching: RHP Dave Riley
Batting: RHB Jorge Fuentes 0-0: Called Strike
0-1: Called Strike
0-2: Ball
1-2: Foul Ball, location: 2F
1-2: Foul Ball, location: 2F
1-2: SINGLE (Line Drive, 89S)
Batting: RHB Dave Wookey 0-0: Ball
1-0: Ball
2-0: Ball
3-0: Called Strike
3-1: Base on Balls
Jorge Fuentes to second
Batting: RHB Peyton Pennington 0-0: Ball
Wild Pitch!
Jorge Fuentes to third
Dave Wookey to second
1-0: Ball
2-0: Ball
3-0: Base on Balls
Batting: LHB Félix García 0-0: Ball
1-0: Swinging Strike
1-1: Swinging Strike
1-2: Ball
2-2: Ball
3-2: Fielders Choice at 2nd, 3-6 (Groundball, 3)
Jorge Fuentes scores
Dave Wookey to third
Batting: RHB Dave O'Neill 0-0: Fly out, F3 (Line Drive, 3)
Batting: RHB John Phillips 0-0: Called Strike
0-1: Swinging Strike
0-2: Ball
1-2: Foul Ball, location: 2F
1-2: Strikes out looking
Top of the 1st over - 1 run(s), 1 hit(s), 0 error(s), 2 left on base; Memphis 1 - Gainesville 0
BOTTOM OF THE 1ST
Gainesville Guidos batting - Pitching for Memphis Blues : RHP Luis Fernández
Pitching: RHP Luis Fernández
Batting: SHB Reynaldo Gallegos 0-0: Called Strike
0-1: Ball
1-1: Called Strike
1-2: Strikes out looking
Batting: RHB Victor Andrews 0-0: Ball
1-0: Ball
2-0: Ball
3-0: Called Strike
3-1: Foul Ball, location: 2F
3-2: Fly out, F9 (Flyball, 9D)
Batting: LHB David Murphy 0-0: Ball
1-0: Called Strike
1-1: Ball
2-1: Called Strike
2-2: Ground out 5-3 (Groundball, 5S)
Bottom of the 1st over - 0 run(s), 0 hit(s), 0 error(s), 0 left on base; Memphis 1 - Gainesville 0
TOP OF THE 2ND
Memphis Blues batting - Pitching for Gainesville Guidos : RHP Dave Riley
Batting: RHB Sadao Kato 0-0: Foul Ball, location: 2F
0-1: Ball
1-1: Called Strike
1-2: Hit by Pitch
Pinch Runner at 1st Pedro Martínez:
Batting: RHB Glenn Johnson 0-0: Ball
1-0: Called Strike
1-1: Foul Ball, location: 2F
1-2: Foul Ball, location: 2F
1-2: Strikes out swinging
Batting: RHB Dale O'Feennaghty 0-0: Ball
1-0: Ball
2-0: Ball
3-0: Called Strike
3-1: DOUBLE (Line Drive, 89S)
Pedro Martínez to third
Batting: RHB Jorge Fuentes 0-0: Called Strike
0-1: SINGLE (Line Drive, 56D)
Pedro Martínez scores
Dale O'Feennaghty to third
Runner from 3rd tries for Home, SAFE, no throw or cutoff
Batting: RHB Dave Wookey 0-0: Called Strike
0-1: Called Strike
0-2: Ball
1-2: Ball
Jorge Fuentes steals 2nd base
2-2: Ball
3-2: Base on Balls
Batting: RHB Peyton Pennington 0-0: Ball
1-0: Foul Ball, location: 2F
1-1: Ball
2-1: Ball
3-1: Base on Balls
Jorge Fuentes to third
Dave Wookey to second
Batting: LHB Félix García 0-0: Ball
1-0: SINGLE (Groundball, 34)
Jorge Fuentes scores
Dave Wookey to third
Peyton Pennington to second
Runner from 3rd tries for Home, SAFE, no throw or cutoff
Batting: RHB Dave O'Neill 0-0: Swinging Strike
0-1: Swinging Strike
0-2: Foul Ball, location: 2F
0-2: Strikes out swinging
Batting: RHB John Phillips 0-0: Ball
Félix García is caught stealing 2nd base
Top of the 2nd over - 4 run(s), 3 hit(s), 0 error(s), 0 left on base; Memphis 5 - Gainesville 0
BOTTOM OF THE 2ND
Gainesville Guidos batting - Pitching for Memphis Blues : RHP Luis Fernández
Now at 1B: Pedro Martínez
Batting: RHB José Fernández 0-0: Swinging Strike
0-1: Ball
1-1: Swinging Strike
1-2: SINGLE (Groundball, 56D)
Batting: LHB Ed Hart 0-0: Called Strike
0-1: Ball
1-1: Foul Ball, location: 2F
1-2: Ball
2-2: Ground out 2-3 (Groundball, 23)
José Fernández to second
Batting: RHB Jason Saunders 0-0: Swinging Strike
0-1: Ball
1-1: Fly out, F7 (Flyball, 7M)
Batting: LHB António Hernández 0-0: Foul Ball, location: 2F
0-1: Called Strike
0-2: Ball
1-2: Ground out 4-3 (Groundball, 34)
Bottom of the 2nd over - 0 run(s), 1 hit(s), 0 error(s), 1 left on base; Memphis 5 - Gainesville 0
TOP OF THE 3RD
Memphis Blues batting - Pitching for Gainesville Guidos : RHP Dave Riley
Batting: RHB John Phillips 0-0: Called Strike
0-1: Ground out 6-3 (Groundball, 6)
Batting: RHB Pedro Martínez 0-0: Ground out 1-3 (Groundball, 13)
Batting: RHB Glenn Johnson 0-0: Called Strike
0-1: Ball
1-1: Ball
2-1: Called Strike
2-2: Foul Ball, location: 2F
2-2: SINGLE (Groundball, 6)
Batting: RHB Dale O'Feennaghty 0-0: Ground out 5-3 (Groundball, 5L)
Top of the 3rd over - 0 run(s), 1 hit(s), 0 error(s), 1 left on base; Memphis 5 - Gainesville 0
BOTTOM OF THE 3RD
Gainesville Guidos batting - Pitching for Memphis Blues : RHP Luis Fernández
Batting: RHB Kurt Walter 0-0: Ball
1-0: Ball
2-0: Called Strike
2-1: Ball
3-1: Ground out 6-3 (Groundball, 6)
Batting: RHB Iván Moreno 0-0: Foul Ball, location: 2F
0-1: Fly out, F7 (Flyball, 7S)
Batting: SHB Reynaldo Gallegos 0-0: Ball
1-0: SINGLE (Groundball, 4MD)
Batting: RHB Victor Andrews 0-0: Ball
1-0: Ball
2-0: Foul Ball, location: 2F
2-1: Fly out, F8 (Flyball, 8LD)
Bottom of the 3rd over - 0 run(s), 1 hit(s), 0 error(s), 1 left on base; Memphis 5 - Gainesville 0
TOP OF THE 4TH
Memphis Blues batting - Pitching for Gainesville Guidos : RHP Dave Riley
Batting: RHB Jorge Fuentes 0-0: Foul Ball, location: 2F
0-1: Swinging Strike
0-2: Foul Ball, location: 2F
0-2: Ball
1-2: Strikes out swinging
Batting: RHB Dave Wookey 0-0: Called Strike
0-1: Ground out 6-3 (Groundball, 6)
Batting: RHB Peyton Pennington 0-0: Called Strike
0-1: Foul Ball, location: 2F
0-2: Strikes out looking
Top of the 4th over - 0 run(s), 0 hit(s), 0 error(s), 0 left on base; Memphis 5 - Gainesville 0
BOTTOM OF THE 4TH
Gainesville Guidos batting - Pitching for Memphis Blues : RHP Luis Fernández
Batting: LHB David Murphy 0-0: Ball
1-0: Foul Ball, location: 2F
1-1: Called Strike
1-2: Ball
2-2: Ball
3-2: Strikes out looking
Batting: RHB José Fernández 0-0: Ball
1-0: Ball
2-0: Called Strike
2-1: Foul Ball, location: 2F
2-2: Fly out, F8 (Flyball, 8RD)
Batting: LHB Ed Hart 0-0: Ball
1-0: SOLO HOME RUN (Flyball, 89XD), Distance : 405 ft
Batting: RHB Jason Saunders 0-0: Called Strike
0-1: Ball
1-1: Ball
2-1: Foul Ball, location: 2F
2-2: Ball
3-2: Strikes out swinging
Bottom of the 4th over - 1 run(s), 1 hit(s), 0 error(s), 0 left on base; Memphis 5 - Gainesville 1
TOP OF THE 5TH
Memphis Blues batting - Pitching for Gainesville Guidos : RHP Dave Riley
Batting: LHB Félix García 0-0: Ground out U3 (Groundball, 3S)
Batting: RHB Dave O'Neill 0-0: Ball
1-0: Swinging Strike
1-1: Ball
2-1: Swinging Strike
2-2: Foul Ball, location: 2F
2-2: Foul Ball, location: 2F
2-2: Strikes out swinging
Batting: RHB John Phillips 0-0: Ball
1-0: Ball
2-0: SINGLE (Line Drive, 56D)
Batting: RHB Pedro Martínez 0-0: Called Strike
0-1: Ground out 5-3 (Groundball, 56S)
Top of the 5th over - 0 run(s), 1 hit(s), 0 error(s), 1 left on base; Memphis 5 - Gainesville 1
BOTTOM OF THE 5TH
Gainesville Guidos batting - Pitching for Memphis Blues : RHP Luis Fernández
Batting: LHB António Hernández 0-0: Ball
1-0: Ball
2-0: Called Strike
2-1: Ball
3-1: Called Strike
3-2: SOLO HOME RUN (Flyball, 9D), Distance : 371 ft
Batting: RHB Kurt Walter 0-0: Foul Ball, location: 2F
0-1: Called Strike
0-2: SINGLE (Line Drive, 56)
Batting: RHB Iván Moreno 0-0: Ball
1-0: Grounds into double play, 4-6-3 (Groundball, 4)
Batting: SHB Reynaldo Gallegos 0-0: Called Strike
0-1: Called Strike
0-2: Ball
1-2: Foul Ball, location: 2F
1-2: Ball
2-2: Foul Ball, location: 2F
2-2: Foul Ball, location: 2F
2-2: Ball
3-2: Ground out 1-3 (Groundball, 23)
Bottom of the 5th over - 1 run(s), 2 hit(s), 0 error(s), 0 left on base; Memphis 5 - Gainesville 2
TOP OF THE 6TH
Memphis Blues batting - Pitching for Gainesville Guidos : RHP Dave Riley
Pitching: RHP Pat Wright
Batting: RHB Glenn Johnson 0-0: Foul Ball, location: 2F
0-1: Foul Ball, location: 2F
0-2: Strikes out swinging
Batting: RHB Dale O'Feennaghty 0-0: Ball
1-0: Ball
2-0: Ball
3-0: Base on Balls
Batting: RHB Jorge Fuentes 0-0: Ball
1-0: Called Strike
1-1: Foul Ball, location: 2F
1-2: Ball
2-2: Strikes out swinging
Batting: RHB Dave Wookey 0-0: Ball
1-0: Swinging Strike
1-1: Ball
2-1: Ball
3-1: Called Strike
3-2: Foul Ball, location: 2F
3-2: Base on Balls
Dale O'Feennaghty to second
Batting: RHB Peyton Pennington 0-0: Ball
1-0: Ball
2-0: Foul Ball, location: 2F
2-1: Ball
3-1: Base on Balls
Dale O'Feennaghty to third
Dave Wookey to second
Batting: LHB Félix García 0-0: Ball
1-0: Foul Ball, location: 2F
1-1: Called Strike
1-2: Ball
2-2: Strikes out swinging
Top of the 6th over - 0 run(s), 0 hit(s), 0 error(s), 3 left on base; Memphis 5 - Gainesville 2
BOTTOM OF THE 6TH
Gainesville Guidos batting - Pitching for Memphis Blues : RHP Luis Fernández
Batting: RHB Victor Andrews 0-0: SINGLE (Flyball, 9S)
Batting: LHB David Murphy 0-0: Called Strike
0-1: Foul Ball, location: 2F
0-2: Strikes out swinging
Batting: RHB José Fernández 0-0: Called Strike
0-1: Swinging Strike
0-2: Strikes out swinging
Batting: LHB Ed Hart 0-0: Called Strike
0-1: Fly out, F4 (Popup, 4MD)
Bottom of the 6th over - 0 run(s), 1 hit(s), 0 error(s), 1 left on base; Memphis 5 - Gainesville 2
TOP OF THE 7TH
Memphis Blues batting - Pitching for Gainesville Guidos : RHP Pat Wright
Batting: RHB Dave O'Neill 0-0: Ball
1-0: Called Strike
1-1: Foul Ball, location: 2F
1-2: Strikes out swinging
Batting: RHB John Phillips 0-0: Called Strike
0-1: Ball
1-1: Swinging Strike
1-2: Ball
2-2: Ground out 6-3 (Groundball, 6M)
Batting: RHB Pedro Martínez 0-0: Ball
1-0: Foul Ball, location: 2F
1-1: Foul Ball, location: 2F
1-2: Strikes out looking
Top of the 7th over - 0 run(s), 0 hit(s), 0 error(s), 0 left on base; Memphis 5 - Gainesville 2
BOTTOM OF THE 7TH
Gainesville Guidos batting - Pitching for Memphis Blues : RHP Luis Fernández
Batting: RHB Jason Saunders 0-0: Called Strike
0-1: Called Strike
0-2: Fly out, F8 (Flyball, 8LM)
Pitching: LHP Robert Flannery
Batting: LHB António Hernández 0-0: Fly out, F6 (Popup, 6D)
Batting: RHB Kurt Walter 0-0: Ball
1-0: Ball
2-0: Ball
3-0: Called Strike
3-1: Base on Balls
Batting: RHB Iván Moreno 0-0: Called Strike
0-1: Ball
Kurt Walter steals 2nd base
1-1: Foul Ball, location: 2F
1-2: Ball
2-2: SINGLE (Line Drive, 89S)
Kurt Walter to third
Runner from 3rd tries for Home, SAFE, no throw or cutoff
Batting: SHB Reynaldo Gallegos 0-0: Ball
1-0: Fielders Choice at 2nd, 5-4 (Groundball, 56)
Bottom of the 7th over - 1 run(s), 1 hit(s), 0 error(s), 0 left on base; Memphis 5 - Gainesville 3
TOP OF THE 8TH
Memphis Blues batting - Pitching for Gainesville Guidos : RHP Pat Wright
Pitching: RHP Juan Patino
Batting: RHB Glenn Johnson 0-0: DOUBLE (Line Drive, 78XD)
Batting: RHB Dale O'Feennaghty 0-0: SINGLE (Flyball, 8LM)
Glenn Johnson to third
Runner from 3rd tries for Home, SAFE, throw made home
Dale O'Feennaghty to second
Batting: RHB Jorge Fuentes 0-0: Ground out 4-3 (Groundball, 4)
Dale O'Feennaghty to third
Batting: RHB Dave Wookey 0-0: Called Strike
0-1: Ball
1-1: Foul Ball, location: 2F
1-2: Foul Ball, location: 2F
1-2: SINGLE (Groundball, 4MD)
Dale O'Feennaghty scores
Batting: RHB Peyton Pennington 0-0: DOUBLE (Flyball, 8RD)
Dave Wookey to third
Runner from 3rd tries for Home, SAFE, no throw or cutoff
Batting: LHB Félix García 0-0: Called Strike
0-1: Ball
Peyton Pennington steals 3rd base
1-1: Swinging Strike
1-2: Strikes out looking
Batting: RHB Dave O'Neill 0-0: Swinging Strike
0-1: Ball
1-1: Foul Ball, location: 2F
1-2: Strikes out swinging
Top of the 8th over - 3 run(s), 4 hit(s), 0 error(s), 1 left on base; Memphis 8 - Gainesville 3
BOTTOM OF THE 8TH
Gainesville Guidos batting - Pitching for Memphis Blues : LHP Robert Flannery
Batting: RHB Victor Andrews 0-0: Ball
1-0: Ball
2-0: Foul Ball, location: 2F
2-1: Foul Ball, location: 2F
2-2: SINGLE (Line Drive, 7S)
Batting: LHB David Murphy 0-0: SINGLE (Groundball, 4MD)
Victor Andrews to second
Batting: RHB José Fernández 0-0: Ball
1-0: Called Strike
1-1: Ball
2-1: Called Strike
2-2: Foul Ball, location: 2F
2-2: Ball
Wild Pitch!
Victor Andrews to third
David Murphy to second
3-2: Base on Balls
Batting: LHB Ed Hart 0-0: Ball
1-0: Ball
2-0: Ball
3-0: Ground out 3-1 (Groundball, 34)
Victor Andrews scores
David Murphy to third
José Fernández to second
Batting: RHB Jason Saunders 0-0: Ball
1-0: Ball
2-0: Called Strike
2-1: Called Strike
2-2: Ball
3-2: Base on Balls
Pitching: RHP Randolph Weathersby
Batting: LHB António Hernández 0-0: Ball
1-0: Grounds into fielders choice 1-2 (Groundball, 25)
José Fernández to third
Jason Saunders to second
Batting: RHB Kurt Walter 0-0: Swinging Strike
0-1: Called Strike
0-2: Foul Ball, location: 2F
0-2: Fielders Choice at 2nd, 6-4 (Groundball, 6)
Bottom of the 8th over - 1 run(s), 2 hit(s), 0 error(s), 2 left on base; Memphis 8 - Gainesville 4
TOP OF THE 9TH
Memphis Blues batting - Pitching for Gainesville Guidos : RHP Juan Patino
Batting: RHB John Phillips 0-0: Foul Ball, location: 2F
0-1: Reached on error, E6 (Groundball, 6)
Batting: RHB Pedro Martínez 0-0: Ball
1-0: Ball
2-0: Ball
3-0: Called Strike
3-1: Ground out 5-3 (Groundball, 15S)
John Phillips to third
Batting: RHB Glenn Johnson 0-0: Intentional Walk
Batting: RHB Dale O'Feennaghty 0-0: Fly out, F9 (Flyball, 9LS)
Batting: RHB Jorge Fuentes 0-0: Ball
1-0: Fly out, F8 (Flyball, 8LM)
Top of the 9th over - 0 run(s), 0 hit(s), 1 error(s), 2 left on base; Memphis 8 - Gainesville 4
BOTTOM OF THE 9TH
Gainesville Guidos batting - Pitching for Memphis Blues : RHP Randolph Weathersby
Batting: RHB Iván Moreno 0-0: Ball
1-0: Ball
2-0: Called Strike
2-1: Ball
3-1: Foul Ball, location: 2F
3-2: Base on Balls
Batting: SHB Reynaldo Gallegos 0-0: Called Strike
0-1: Ball
1-1: Ball
2-1: Foul Ball, location: 2F
2-2: Ball
3-2: Base on Balls
Iván Moreno to second
Pitching: RHP Lorenzo Diéguez
Batting: RHB Victor Andrews 0-0: Ball
1-0: Called Strike
1-1: Ball
2-1: Ball
3-1: Base on Balls
Iván Moreno to third
Reynaldo Gallegos to second
Batting: LHB David Murphy 0-0: Called Strike
0-1: Called Strike
0-2: Ball
1-2: Foul Ball, location: 2F
1-2: Ball
2-2: Ball
3-2: Base on Balls
Iván Moreno scores
Reynaldo Gallegos to third
Victor Andrews to second
Batting: RHB José Fernández 0-0: Grounds into double play, 6-4-3 (Groundball, 6)
Reynaldo Gallegos scores
Victor Andrews to third
Batting: LHB Ed Hart 0-0: SINGLE (Groundball, 25) (infield hit)
Victor Andrews scores
Pinch Hitting: LHB Marcos Villarreal 0-0: Ball
1-0: Ball
2-0: Called Strike
2-1: Foul Ball, location: 2F
2-2: SINGLE (Line Drive, 7S)
Ed Hart to second
Batting: LHB António Hernández 0-0: Ground out 4-3 (Groundball, 4)
Bottom of the 9th over - 3 run(s), 2 hit(s), 0 error(s), 2 left on base; Memphis 8 - Gainesville 7
This league is powered by Out of the Park Baseball, the baseball management simulation game for PC, Mac and Linux
Wednesday, December 2nd, 2015 - OOTP Baseball 16.8 Build 38